 Dungeon Crawl Stone Soup version 0.25.1-2-g60ff931df9 (webtiles) character file.

Game seed: 3719504830679535665

10628 axecop the Envoy of Void (level 11, -6/87 HPs)
             Began as a Demonspawn Abyssal Knight on Oct 8, 2020.
             Was a High Priest of Lugonu.
             Engulfed by a steam dragon's steam (10 damage)
             ... on level 11 of the Dungeon.
             The game lasted 00:25:57 (16692 turns).

axecop the Envoy of Void (DsAK)                    Turns: 16692, Time: 00:25:58

Health: -6/87      AC: 17    Str: 15    XL:     11   Next: 38%
Magic:  18/18      EV: 11    Int: 14    God:    Lugonu [*****.]
Gold:   358        SH:  5    Dex: 13    Spells: 10/10 levels left

rFire    . . .     SeeInvis .   a - +2 trident (freeze)
rCold    . . .     Gourm    .   (no shield)
rNeg     . . .     Faith    .   O - +0 swamp dragon scales
rPois    +         Spirit   .   (no helmet)
rElec    .         Reflect  +   k - +1 cloak
rCorr    .         Harm     .   h - +0 pair of gloves
MR       +....                  (no boots)
Stlth    +.........             n - amulet of reflection
HPRegen  0.24/turn              S - +4 ring of protection
MPRegen  0.16/turn              o - ring of protection from magic

@: studying Shields
A: hooves 2, demonic guardian 1, powered by death 1, sturdy frame 2
a: Depart the Abyss, Bend Space, Banish, Corrupt, Enter the Abyss, Renounce
Religion


You were on level 11 of the Dungeon.
You worshipped Lugonu.
Lugonu was extremely pleased with you.
You were not hungry.

You visited 1 branch of the dungeon, and saw 11 of its levels.
You visited the Abyss 1 time.
You also visited: Bailey.

You collected 527 gold pieces.
You spent 169 gold pieces at shops.

Inventory:

Hand Weapons
 a - a +2 trident of freezing (weapon)
 p - a +0 broad axe
 R - a +0 battleaxe
Missiles
 B - 55 poisoned darts (quivered)
 Q - 7 javelins
Armour
 h - a +0 pair of gloves (worn)
 k - a +1 cloak (worn)
 u - a +0 kite shield
 O - +0 swamp dragon scales (worn)
Jewellery
 l - an uncursed ring of wizardry
 n - an amulet of reflection (around neck)
 o - a ring of protection from magic (right hand)
 S - a +4 ring of protection (left hand)
Wands
 e - a wand of flame (21)
 A - a wand of random effects (27)
 H - a wand of iceblast (8)
Scrolls
 b - 2 scrolls of identify
 d - 2 scrolls of blinking
 f - 4 scrolls of fear
 m - a scroll of vulnerability
 r - 2 scrolls of enchant armour
 s - a scroll of magic mapping
 w - a scroll of fog {unknown}
 y - 8 scrolls of remove curse
 I - 9 scrolls of teleportation
 N - 3 scrolls of enchant weapon
 U - a scroll of immolation
 W - a scroll of acquirement
Potions
 g - 3 potions of magic
 i - 2 potions of mutation
 j - 6 potions of heal wounds
 q - a potion of berserk rage
 t - 2 potions of flight
 v - 7 potions of stabbing
 x - a potion of invisibility {unknown}
 E - a potion of ambrosia
 J - 2 potions of curing
Books
 Y - a manual of Shields
Miscellaneous
 X - a tin of tremorstones (1/3)
Comestibles
 c - 20 rations
 z - 7 chunks of flesh


   Skills:
 + Level 8.5 Fighting
 * Level 10.1 Axes
 + Level 7.4 Armour
 - Level 0.8 Dodging
 + Level 6.0 Shields
 + Level 10.4 Invocations


You had 10 spell levels left.
You didn't know any spells.
Your spell library contained the following spells:

 Spells                   Type           Power        Failure   Level  Hunger
 Animate Skeleton         Necr           N/A          32%         1    ##.....
 Apportation              Tloc           #.....       32%         1    ##.....
 Corona                   Hex            #......      32%         1    ##.....
 Sandblast                Erth           #.....       32%         1    ##.....
 Summon Small Mammal      Summ           #...         32%         1    ##.....
 Ensorcelled Hibernation  Hex/Ice        #.....       43%         2    ###....
 Passwall                 Tmut/Erth      #.......     43%         2    ###....
 Confusing Touch          Hex            #.......     67%         3    ####...
 Dazzling Flash           Conj/Hex       #.....       67%         3    ####...
 Stone Arrow              Conj/Erth      #.....       67%         3    ####...
 Tukima's Dance           Hex            #.......     67%         3    ####...
 Petrify                  Tmut/Erth      #.......     97%         4    #####..
 Lee's Rapid Deconstruct  Erth           #.........   100%        5    ######.


Dungeon Overview and Level Annotations

Branches:
Dungeon (11/15)            Temple (0/1) D:6            Lair (0/6) D:9
    Orc (0/2) D:11         Bailey (visited)

Altars:
Dithmenos
Fedhas
Hepliaklqana
Nemelex Xobeh
Okawaru
Ru
Uskayaw
Vehumet
Zin
The Shining One

Shops:
D:8 :   D:9 !   D:11 [

Annotations:
D:5 2 transporters, babuloseo's ghost, novice HuHu
Abyss:1 Grinder


Innate Abilities, Weirdness & Mutations

You have hoof-like feet.
A weak demonic guardian rushes to your aid.
You regenerate a little health from kills.
Your movements are less encumbered by armour. (ER -4)


Message History

You kill the troll!
Lugonu accepts your kill.
Your Shields skill increases to level 6!
The burst of rock shards engulfs you but does no damage.
Unknown command.
You block the steam dragon's attack. The steam dragon completely misses you.
You see here a troll corpse.
You butcher the troll corpse.
The steam dragon bites you but does no damage.
The steam dragon claws you but does no damage.
Things that are here:
6 chunks of flesh; a troll skeleton
z - 7 chunks of flesh (gained 6)
The steam dragon breathes steam at you. The ball of steam hits you.
* * * LOW HITPOINT WARNING * * *
You closely miss the steam dragon. You kick the steam dragon.
The steam dragon is lightly wounded.
You are engulfed in a cloud of scalding steam.
You die...

#.....###
#..........)
#........
............
..#####+#....#
#...>......
...........[.#
#..........
....%).......#
#..........
.............#
#......÷...
#########....#
#......####
####D#######......#
# #.@............#
# #..§############
# #...# # #####


You could see a steam dragon (catching breath).

Vanquished Creatures
  Erolcha (D:11)
  An unseen horror (D:11)
  Pikel (D:5)
  An ugly thing (D:11)
  Psyche (D:8)
  2 trolls
  A merfolk (D:10)
  A spriggan (D:10)
  A wraith (D:10)
  3 wargs (D:8)
  An acid dragon (D:11)
  A sky beast (D:8)
  2 phantoms
  8 orc warriors
  4 ice beasts
  2 necrophages (D:10)
  An ogre (D:4)
  A centaur (D:8)
  2 big kobolds
  9 bullfrogs
  A water moccasin skeleton (D:4)
  5 scorpions
  10 killer bees
  6 howler monkeys
  5 crimson imps
  A quasit (D:11)
  3 bullfrog zombies
  3 centaur zombies
  2 jellies
  11 orc wizards
  5 orc priests
  Crazy Yiuf (D:2)
  A bullfrog skeleton (D:9)
  2 hounds
  5 iguanas
  Ijyb (D:5)
  4 worker ants
  A hound zombie (D:7)
  A hound skeleton (D:6)
  A worker ant zombie (D:6)
  20 gnolls
  5 adders
  3 shadow imps
  An adder zombie (D:8)
  4 worms
  3 dart slugs
  6 leopard geckos
  44 orcs
  10 bats
  4 giant cockroaches
  12 hobgoblins
  11 jackals
  19 kobolds
  5 quokkas
  A ball python (D:1)
  5 frilled lizards
  A giant cockroach zombie (D:6)
  19 goblins
  11 rats
297 creatures vanquished.

Vanquished Creatures (collateral kills)
  Maggie (D:6)
  A troll (D:10)
  4 orc warriors
  A slave (D:5)
  2 bullfrogs
  An orc wizard (D:6)
  2 orc priests
  4 gnolls (Bailey)
  9 orcs
  A giant cockroach (D:6)
  5 goblins (Bailey)
  2 hobgoblins (Bailey)
33 creatures vanquished.

Vanquished Creatures (others)
  An orc warlord (Bailey)
  A two-headed ogre (D:9)
  An orc knight (Bailey)
  An ugly thing (D:11)
  7 orc warriors
  A killer bee zombie (D:10)
  A hound skeleton (D:3)
  2 gnolls (Bailey)
  6 orcs
  5 goblins (Bailey)
  5 hobgoblins (Bailey)
  10 starspawn tentacles (Bailey)
41 creatures vanquished.

Grand Total: 371 creatures vanquished

Notes
Turn   | Place    | Note
-------+----------+-------------------------------------------
     0 | Abyss:1  | axecop the Demonspawn Abyssal Knight began the quest for
                  | the Orb.
     0 | Abyss:1  | Reached XP level 1. HP: 18/18 MP: 2/2
    37 | Abyss:1  | Found a corrupted altar of Lugonu.
    45 | Abyss:1  | Found a corrupted altar of Lugonu.
    91 | Abyss:1  | Noticed a worldbinder
    95 | Abyss:1  | Noticed a naga
    95 | Abyss:1  | Noticed a naga
    95 | Abyss:1  | Noticed a black mamba
    95 | D:1      | Escaped the Abyss
   304 | D:1      | Gained mutation: Your movements are slightly less
                  | encumbered by armour. (ER -2) [demonic ancestry]
   304 | D:1      | Reached XP level 2. HP: 24/24 MP: 3/3
   307 | D:1      | Reached * piety under Lugonu
   570 | D:1      | Gained mutation: You regenerate a little health from kills.
                  | [demonic ancestry]
   570 | D:1      | Reached XP level 3. HP: 10/29 MP: 4/4
  1223 | D:2      | Found a hide-covered altar of Uskayaw.
  1223 | D:2      | Noticed a +0 dagger
  1223 | D:2      | Noticed a +0 hand axe
  1239 | D:3      | Found a glowing silver altar of Zin.
  1391 | D:3      | Found a radiant altar of Vehumet.
  2038 | D:3      | Found a glowing golden altar of the Shining One.
  2075 | D:3      | Gained mutation: You have large cloven feet. [demonic
                  | ancestry]
  2075 | D:3      | Reached XP level 4. HP: 19/35 MP: 5/5
  2447 | D:3      | Found a hazy altar of Hepliaklqana.
  2904 | D:2      | Reached ** piety under Lugonu
  3041 | D:2      | Found a runed translucent door.
  3042 | D:2      | Noticed Crazy Yiuf
  3051 | D:2      | Killed Crazy Yiuf
  3238 | D:2      | Found a shadowy altar of Dithmenos.
  3681 | D:2      | Reached XP level 5. HP: 36/41 MP: 6/6
  4432 | D:2      | Found a sacrificial altar of Ru.
  4791 | D:4      | HP: 2/41 [poisoned by a worker ant]
  5355 | D:4      | Noticed a phantom
  5390 | D:4      | Killed a phantom
  5390 | D:4      | Reached skill level 5 in Axes
  5390 | D:4      | Gained mutation: Your movements are less encumbered by
                  | armour. (ER -4) [demonic ancestry]
  5390 | D:4      | Reached XP level 6. HP: 23/48 MP: 8/8
  5831 | D:4      | Gained mutation: A weak demonic guardian rushes to your
                  | aid. [demonic ancestry]
  5831 | D:4      | Reached XP level 7. HP: 54/54 MP: 10/10
  6128 | D:5      | Entered Level 5 of the Dungeon
  6128 | D:5      | Noticed Ijyb
  6133 | D:5      | Killed Ijyb
  6154 | D:5      | Noticed Pikel
  6172 | D:4      | Reached *** piety under Lugonu
  6220 | D:5      | Noticed Grinder
  6401 | D:4      | Reached skill level 5 in Invocations
  7136 | D:4      | Reached skill level 5 in Fighting
  7136 | D:4      | Reached XP level 8. HP: 6/62 MP: 10/12
  8348 | D:5      | Banished Grinder
  8459 | D:5      | Killed Pikel
  8459 | D:5      | Reached skill level 5 in Armour
  8992 | D:5      | Found a transporter.
  9023 | D:5      | Noticed babuloseo's ghost (novice HuHu)
  9033 | D:5      | Found a transporter.
  9063 | D:5      | Found a blossoming altar of Fedhas.
  9336 | D:6      | Gained mutation: You have hoof-like feet. [demonic
                  | ancestry]
  9336 | D:6      | Reached XP level 9. HP: 34/69 MP: 10/14
  9832 | D:6      | Noticed Maggie
  9847 | D:6      | Killed Maggie
 10453 | D:6      | Found a staircase to the Ecumenical Temple.
 10752 | D:7      | Reached **** piety under Lugonu
 10848 | D:7      | Reached skill level 1 in Shields
 11130 | D:8      | Found Nycidat's Book Emporium.
 11138 | D:8      | Noticed Psyche
 11146 | D:8      | Killed Psyche
 11315 | D:8      | Reached XP level 10. HP: 78/79 MP: 16/16
 11438 | D:8      | Found a flagged portal.
 11453 | Bailey   | Entered a bailey
 11672 | Bailey   | Reached ***** piety under Lugonu
 11734 | Bailey   | Noticed an orc warlord
 11738 | Bailey   | Corrupted Bailey
 11738 | Bailey   | Noticed a bone dragon
 11738 | Bailey   | Noticed a tentacled starspawn
 11738 | Bailey   | Noticed a thrashing horror
 11738 | Bailey   | Noticed a bone dragon
 11738 | Bailey   | Noticed a sun demon
 11738 | Bailey   | Noticed a tentacled starspawn
 11739 | Bailey   | Noticed an orc knight
 11740 | Bailey   | Noticed a tentacled starspawn
 11742 | Bailey   | Noticed a worldbinder
 11743 | Bailey   | Killed an orc warlord
 11755 | Bailey   | Killed an orc knight
 11766 | Bailey   | Noticed a white draconian
 11770 | Bailey   | Noticed a large abomination
 11791 | Bailey   | Noticed a red draconian shifter
 11791 | Bailey   | Noticed a sea snake
 11801 | Bailey   | Noticed a hell hog
 11805 | Bailey   | Noticed a tentacled starspawn
 11810 | Bailey   | Noticed a reaper
 11812 | Bailey   | Noticed a large abomination
 12224 | Bailey   | Identified 2 scrolls of acquirement
 12224 | Bailey   | Acquired a manual of Shields
 13068 | D:9      | Found Ochat's Distillery.
 13890 | D:9      | Noticed a two-headed ogre
 13893 | D:9      | Banished a two-headed ogre
 14256 | D:9      | Found a staircase to the Lair.
 14276 | D:9      | Bought a potion of berserk rage for 65 gold pieces
 14276 | D:9      | Bought a potion of mutation for 104 gold pieces
 14526 | D:10     | Entered Level 10 of the Dungeon
 14765 | D:10     | Found a sparkling altar of Nemelex Xobeh.
 15090 | D:10     | Reached skill level 10 in Invocations
 15090 | D:10     | Reached XP level 11. HP: 46/86 MP: 18/18
 15094 | D:10     | Reached skill level 5 in Shields
 15433 | D:11     | Found a staircase to the Orcish Mines.
 15433 | D:11     | Noticed Erolcha
 15542 | D:11     | Noticed a brown ugly thing
 15563 | D:11     | Banished a brown ugly thing
 16060 | D:11     | Noticed a red ugly thing
 16074 | D:11     | Killed a red ugly thing
 16150 | D:11     | Paralysed by Erolcha for 5 turns
 16163 | D:11     | Killed Erolcha
 16394 | D:11     | Found Suskynt's Antique Armour Shop.
 16500 | D:11     | Killed an unseen horror
 16500 | D:11     | Reached skill level 10 in Axes
 16616 | D:11     | Found an iron altar of Okawaru.
 16691 | D:11     | HP: 4/87 [steam dragon/ball of steam (5)]
 16692 | D:11     | Engulfed by a steam dragon's steam

Illustrated notes

Levels and vault maps discovered:
D:1:      scummos_arrival_checkerplants, layout_basic, minmay_liquid_box
D:2:      layout_rooms, dancing_weapons_uskayaw,
          nicolae_ru_sacrificial_ziggurat, first_ration,
          grunt_dithmenos_smoke_and_mirrors, uniq_crazy_yiuf_cottage
D:3:      layout_basic, lemuel_doored_altar, fiery_altar_vehumet,
          lemuel_crystal_altar, tso_oasis_becter, kennysheep_generic_room_11
D:4:      cheibrodos_barr_body, layout_gridville
D:5:      layout_cave_pools, fedhas_altar_2, gammafunk_ghost_stat_death,
          uniq_grinder, uniq_pikel, uniq_ijyb
D:6:      layout_cave_pools, kennysheep_mini, minmay_temple_entry_offerings,
          uniq_maggie
D:7:      layout_basic
D:8:      layout_basic, nicolae_overflow_hidden_temple,
          lightli_bailey_entry_fortress, serial_shops, shop,
          minmay_misc_feat_roman, uniq_psyche
D:9:      layout_loops_ring, erik_lair_orcish_takeover, serial_shops,
          nicolae_shop_waterfront
D:10:     layout_cross, hangedman_stone_soup, nemelex_diamond_rough_becter
D:11:     layout_irregular_city, orc_0_dummy, serial_shops, shop,
          okawaru_ov_weapons_minmay, uniq_fannar, uniq_erolcha, uniq_snorg

Skill      XL: |  1  2  3  4  5  6  7  8  9 10 11 |
---------------+----------------------------------+-----
Axes           | 2 3 4 5 6 8 9 10 | 10.1
Armour         | 2 3 4 5 6 7 |  7.4
Invocations    | 3 4 5 7 8 10 | 10.4
Fighting       | 4 5 6 7 8 |  8.5
Shields        | 2 4 6 |  6.0
Dodging        | |  0.8

Action                   |  1- 3 |  4- 6 |  7- 9 | 10-12 || total
-------------------------+-------+-------+-------+-------++-------
Melee: Hand axe          |   138 |    42 |       |       ||   180
       Quarterstaff      |       |    97 |       |       ||    97
       Kick              |       |    33 |    92 |   119 ||   244
       Trident           |       |    14 |   378 |   511 ||   903
       Dagger            |       |       |     6 |       ||     6
Throw: Dart              |       |       |       |     2 ||     2
Invok: Depart the Abyss  |     1 |       |       |       ||     1
       Bend Space        |       |       |    17 |     8 ||    25
       Banish            |       |       |     1 |     3 ||     4
       Corrupt           |       |       |       |     1 ||     1
Evoke: Wand              |       |       |    32 |     6 ||    38
       Tin of tremorston |       |       |       |     2 ||     2
  Use: Potion            |     2 |     1 |     6 |     1 ||    10
       Scroll            |       |     5 |    12 |     5 ||    22
 Stab: Sleeping          |     1 |       |     1 |       ||     2
       Distracted        |       |       |     3 |       ||     3
       Confused          |       |       |       |     1 ||     1
  Eat: Chunk             |     4 |     8 |    15 |    20 ||    47
       Ration            |       |     1 |     1 |       ||     2
Armor: Leather armour    |    45 |    42 |    92 |       ||   179
       Skin              |    11 |       |    45 |       ||    56
       Swamp dragon scal |       |       |    37 |   213 ||   250
Dodge: Dodged            |    91 |   111 |   189 |   217 ||   608
Block: Other             |       |    38 |    94 |   106 ||   238
       Reflection        |       |     1 |     3 |     3 ||     7
